PIO (24 & UNDER)
SEATTLE RAINIERS @ JASPER COUGARS
05/05/2025
 
TOP OF THE 1ST
Seattle Rainiers batting - Pitching for Jasper Cougars : RHP José Orozco
Pitching: RHP José Orozco
Batting: RHB Enrique Mendoza 0-0: SOLO HOME RUN (Flyball, 7LD), Distance : 313 ft
Batting: LHB Brian Boone 0-0: Ball
1-0: Ball
2-0: Ball
3-0: Called Strike
3-1: Foul Ball, location: 2F
3-2: Ground out 4-3 (Groundball, 4)
Batting: SHB Nick Cox 0-0: Ball
1-0: Ball
2-0: Swinging Strike
2-1: Called Strike
2-2: Strikes out swinging
Batting: RHB Reynaldo Slomp 0-0: Ball
1-0: Foul Ball, location: 2F
1-1: Foul Ball, location: 2F
1-2: Foul Ball, location: 2F
1-2: Ball
2-2: Foul Ball, location: 2F
2-2: Ball
3-2: Ground out 4-3 (Groundball, 4MD)
Top of the 1st over - 1 run(s), 1 hit(s), 0 error(s), 0 left on base; Seattle 1 - Jasper 0
BOTTOM OF THE 1ST
Jasper Cougars batting - Pitching for Seattle Rainiers : RHP Michael Morris
Pitching: RHP Michael Morris
Batting: RHB Joe Smith 0-0: Foul Ball, location: 2F
0-1: Ball
1-1: Ground out 5-3 (Groundball, 5L)
Batting: LHB António Camacho 0-0: Ball
1-0: Fly out, F5 (Line Drive, 5)
Batting: SHB Ron Edwards 0-0: Ground out U3 (Groundball, 3)
Bottom of the 1st over - 0 run(s), 0 hit(s), 0 error(s), 0 left on base; Seattle 1 - Jasper 0
TOP OF THE 2ND
Seattle Rainiers batting - Pitching for Jasper Cougars : RHP José Orozco
Batting: RHB Jorge Montoya 0-0: Ball
1-0: Ball
2-0: Swinging Strike
2-1: Swinging Strike
2-2: SINGLE (Line Drive, 56D)
Batting: SHB Vicente Pagán 0-0: Ball
Wild Pitch!
Jorge Montoya to second
1-0: Ball
2-0: Ball
3-0: Base on Balls
Batting: RHB Edward Melton 0-0: Ball
1-0: Swinging Strike
1-1: Foul Ball, location: 2F
1-2: Strikes out swinging
Batting: RHB Jeremiah Soto 0-0: Ball
1-0: SINGLE (Groundball, 56D)
Jorge Montoya to third
Vicente Pagán to second
Batting: RHB Bill Dawson 0-0: Fly out, F8 (Flyball, 8RM)
Runner from 3rd tags up, SCORES, throw made
Batting: RHB Enrique Mendoza 0-0: Ball
Wild Pitch!
Vicente Pagán to third
Jeremiah Soto to second
1-0: Called Strike
1-1: Fly out, F9 (Flyball, 89M)
Top of the 2nd over - 1 run(s), 2 hit(s), 0 error(s), 2 left on base; Seattle 2 - Jasper 0
BOTTOM OF THE 2ND
Jasper Cougars batting - Pitching for Seattle Rainiers : RHP Michael Morris
Batting: RHB George Reeves 0-0: Ball
1-0: Called Strike
1-1: Ball
2-1: Ball
3-1: Foul Ball, location: 2F
3-2: Strikes out swinging
Batting: RHB David Hernández 0-0: Ball
1-0: Ball
2-0: Fly out, F6 (Popup, 6D)
Batting: LHB Jon Scott 0-0: Called Strike
0-1: Ball
1-1: SOLO HOME RUN (Flyball, 89XD), Distance : 389 ft
Batting: SHB Rafael Acosta 0-0: Called Strike
0-1: Ball
1-1: SINGLE (Groundball, 56D)
Batting: RHB Fernando Gálvez 0-0: Fly out, F8 (Flyball, 8LM)
Bottom of the 2nd over - 1 run(s), 2 hit(s), 0 error(s), 1 left on base; Seattle 2 - Jasper 1
TOP OF THE 3RD
Seattle Rainiers batting - Pitching for Jasper Cougars : RHP José Orozco
Batting: LHB Brian Boone 0-0: SINGLE (Flyball, 78S)
Batting: SHB Nick Cox 0-0: Ball
1-0: Foul Ball, location: 2F
1-1: Ball
2-1: Called Strike
2-2: Fielders Choice at 2nd, 6-4 (Groundball, 6M)
Batting: RHB Reynaldo Slomp 0-0: Called Strike
0-1: Fly out, F9 (Flyball, 9LS)
Batting: RHB Jorge Montoya 0-0: Ball
1-0: Fly out, F6 (Line Drive, 6)
Top of the 3rd over - 0 run(s), 1 hit(s), 0 error(s), 1 left on base; Seattle 2 - Jasper 1
BOTTOM OF THE 3RD
Jasper Cougars batting - Pitching for Seattle Rainiers : RHP Michael Morris
Batting: RHB Mason Thompson 0-0: Ball
1-0: Swinging Strike
1-1: Called Strike
1-2: Strikes out swinging
Batting: RHB Joe Smith 0-0: Ball
1-0: Ball
2-0: Foul Ball, location: 2F
2-1: Called Strike
2-2: Ground out 5-3 (Groundball, 5S)
Batting: LHB António Camacho 0-0: Ball
1-0: Fly out, F9 (Flyball, 89M)
Bottom of the 3rd over - 0 run(s), 0 hit(s), 0 error(s), 0 left on base; Seattle 2 - Jasper 1
TOP OF THE 4TH
Seattle Rainiers batting - Pitching for Jasper Cougars : RHP José Orozco
Batting: SHB Vicente Pagán 0-0: Ball
1-0: Foul Ball, location: 2F
1-1: Foul Ball, location: 2F
1-2: Strikes out looking
Batting: RHB Edward Melton 0-0: Ball
1-0: Ball
2-0: Foul Ball, location: 2F
2-1: Fly out, F3 (Line Drive, 3)
Batting: RHB Jeremiah Soto 0-0: Foul Ball, location: 2F
0-1: Ball
1-1: Ball
2-1: Fly out, F6 (Popup, 5L)
Top of the 4th over - 0 run(s), 0 hit(s), 0 error(s), 0 left on base; Seattle 2 - Jasper 1
BOTTOM OF THE 4TH
Jasper Cougars batting - Pitching for Seattle Rainiers : RHP Michael Morris
Batting: SHB Ron Edwards 0-0: Foul Ball, location: 2F
0-1: Ball
1-1: SINGLE (Line Drive, 6D)
Batting: RHB George Reeves 0-0: Swinging Strike
0-1: Ball
1-1: Reached on Error, E9 (Flyball, 89M)
Ron Edwards to second
Batting: RHB David Hernández 0-0: Ball
1-0: SINGLE (Flyball, 8LM)
Ron Edwards to third
George Reeves to second
Batting: LHB Jon Scott 0-0: Swinging Strike
0-1: Swinging Strike
0-2: Strikes out looking
Batting: SHB Rafael Acosta 0-0: Called Strike
0-1: Called Strike
0-2: Foul Ball, location: 2F
0-2: Ball
1-2: SINGLE (Groundball, 56D)
Ron Edwards scores
George Reeves to third
David Hernández to second
Throwing error, E7
George Reeves scores
David Hernández to third
Rafael Acosta to second
Batting: RHB Fernando Gálvez 0-0: Swinging Strike
0-1: Foul Ball, location: 2F
0-2: Ball
1-2: Strikes out looking
Batting: RHB Mason Thompson 0-0: Ball
1-0: Swinging Strike
1-1: Ball
2-1: Ball
3-1: Ground out 5-3 (Groundball, 5D)
Bottom of the 4th over - 2 run(s), 3 hit(s), 2 error(s), 2 left on base; Seattle 2 - Jasper 3
TOP OF THE 5TH
Seattle Rainiers batting - Pitching for Jasper Cougars : RHP José Orozco
Batting: RHB Bill Dawson 0-0: Foul Ball, location: 2F
0-1: Ball
1-1: Ground out U3 (Groundball, 3)
Batting: RHB Enrique Mendoza 0-0: Foul Ball, location: 2F
0-1: Foul Ball, location: 2F
0-2: Strikes out swinging
Batting: LHB Brian Boone 0-0: Ball
1-0: Foul Ball, location: 2F
1-1: Ball
2-1: Called Strike
2-2: Foul Ball, location: 2F
2-2: Foul Ball, location: 2F
2-2: Ball
3-2: Foul Ball, location: 2F
3-2: Ground out U3 (Groundball, 3)
Top of the 5th over - 0 run(s), 0 hit(s), 0 error(s), 0 left on base; Seattle 2 - Jasper 3
BOTTOM OF THE 5TH
Jasper Cougars batting - Pitching for Seattle Rainiers : RHP Michael Morris
Batting: RHB Joe Smith 0-0: Foul Ball, location: 2F
0-1: Ball
1-1: Swinging Strike
1-2: Ball
2-2: Ball
3-2: Strikes out swinging
Batting: LHB António Camacho 0-0: Ball
1-0: Fly out, F7 (Flyball, 8LM)
Batting: SHB Ron Edwards 0-0: Called Strike
0-1: Called Strike
0-2: Ground out 4-3 (Groundball, 4)
Bottom of the 5th over - 0 run(s), 0 hit(s), 0 error(s), 0 left on base; Seattle 2 - Jasper 3
TOP OF THE 6TH
Seattle Rainiers batting - Pitching for Jasper Cougars : RHP José Orozco
Batting: SHB Nick Cox 0-0: Called Strike
0-1: Called Strike
0-2: Foul Ball, location: 2F
0-2: Ball
1-2: Ball
2-2: Foul Ball, location: 2F
2-2: Foul Ball, location: 2F
2-2: Fly out, F7 (Flyball, 78D)
Pitching: RHP António Peńa
Batting: RHB Reynaldo Slomp 0-0: Called Strike
0-1: Swinging Strike
0-2: Ball
1-2: Strikes out swinging
Batting: RHB Jorge Montoya 0-0: Foul Ball, location: 2F
0-1: Ball
1-1: Foul Ball, location: 2F
1-2: Strikes out swinging
Top of the 6th over - 0 run(s), 0 hit(s), 0 error(s), 0 left on base; Seattle 2 - Jasper 3
BOTTOM OF THE 6TH
Jasper Cougars batting - Pitching for Seattle Rainiers : RHP Michael Morris
Batting: RHB George Reeves 0-0: SINGLE (Groundball, 4MD) (infield hit)
Batting: RHB David Hernández 0-0: Fly out, F9 (Flyball, 89D)
Batting: LHB Jon Scott 0-0: Called Strike
Pickoff Throw by Catcher to First - Error! E2
George Reeves to second
0-1: Ball
1-1: Intentional Walk
Batting: SHB Rafael Acosta 0-0: Swinging Strike
0-1: Foul Ball, location: 2F
0-2: Ball
1-2: Fly out, F6 (Popup, 7LS)
Batting: RHB Fernando Gálvez 0-0: Swinging Strike
0-1: Called Strike
0-2: Ball
1-2: Fly out, F9 (Flyball, 89D)
Bottom of the 6th over - 0 run(s), 1 hit(s), 1 error(s), 2 left on base; Seattle 2 - Jasper 3
TOP OF THE 7TH
Seattle Rainiers batting - Pitching for Jasper Cougars : RHP António Peńa
Batting: SHB Vicente Pagán 0-0: Ball
1-0: Called Strike
1-1: Foul Ball, location: 2F
1-2: Foul Ball, location: 2F
1-2: Ball
2-2: Foul Ball, location: 2F
2-2: Fly out, F8 (Line Drive, 8RM)
Batting: RHB Edward Melton 0-0: Ball
1-0: Foul Ball, location: 2F
1-1: Foul Ball, location: 2F
1-2: Strikes out swinging
Batting: RHB Jeremiah Soto 0-0: Called Strike
0-1: Called Strike
0-2: Strikes out swinging
Top of the 7th over - 0 run(s), 0 hit(s), 0 error(s), 0 left on base; Seattle 2 - Jasper 3
BOTTOM OF THE 7TH
Jasper Cougars batting - Pitching for Seattle Rainiers : RHP Michael Morris
Batting: RHB Mason Thompson 0-0: Ball
1-0: Ball
2-0: Foul Ball, location: 2F
2-1: Ground out 5-3 (Groundball, 56S)
Pitching: RHP Lúcio Feliciano
Batting: RHB Joe Smith 0-0: Foul Ball, location: 2F
0-1: Ball
1-1: Foul Ball, location: 2F
1-2: Foul Ball, location: 2F
1-2: Fly out, F3 (Line Drive, 3)
Batting: LHB António Camacho 0-0: Ball
1-0: Ball
2-0: Foul Ball, location: 2F
2-1: Ball
3-1: Base on Balls
Batting: SHB Ron Edwards 0-0: Called Strike
António Camacho steals 2nd base
0-1: Foul Ball, location: 2F
0-2: Foul Ball, location: 2F
0-2: Ball
1-2: Foul Ball, location: 2F
1-2: Ball
2-2: Ball
3-2: Intentional Walk
Pinch Hitting: LHB Armando Torres 0-0: Ball
1-0: Called Strike
1-1: Foul Ball, location: 2F
1-2: Strikes out swinging
Bottom of the 7th over - 0 run(s), 0 hit(s), 0 error(s), 2 left on base; Seattle 2 - Jasper 3
TOP OF THE 8TH
Seattle Rainiers batting - Pitching for Jasper Cougars : RHP António Peńa
Now at SS: Juan Carlos
Batting: RHB Bill Dawson 0-0: Ball
1-0: Foul Ball, location: 2F
1-1: Called Strike
1-2: Foul Ball, location: 2F
1-2: Foul Ball, location: 2F
1-2: Strikes out looking
Pitching: LHP Júlio Aguilar
Batting: RHB Enrique Mendoza 0-0: Ground out 6-3 (Groundball, 6)
Batting: LHB Brian Boone 0-0: Foul Ball, location: 2F
0-1: Foul Ball, location: 2F
0-2: Strikes out swinging
Top of the 8th over - 0 run(s), 0 hit(s), 0 error(s), 0 left on base; Seattle 2 - Jasper 3
BOTTOM OF THE 8TH
Jasper Cougars batting - Pitching for Seattle Rainiers : RHP Lúcio Feliciano
Batting: RHB David Hernández 0-0: Ball
1-0: Ball
2-0: Called Strike
2-1: Ball
3-1: Foul Ball, location: 2F
3-2: Strikes out swinging
Batting: LHB Jon Scott 0-0: Ball
1-0: Ball
2-0: Foul Ball, location: 2F
2-1: Ball
3-1: Foul Ball, location: 2F
3-2: Strikes out swinging
Batting: SHB Rafael Acosta 0-0: Called Strike
0-1: Ground out 1-3 (Groundball, 13)
Bottom of the 8th over - 0 run(s), 0 hit(s), 0 error(s), 0 left on base; Seattle 2 - Jasper 3
TOP OF THE 9TH
Seattle Rainiers batting - Pitching for Jasper Cougars : LHP Júlio Aguilar
Pitching: RHP Brandon Williams
Now at 3B: José Ortega
Batting: SHB Nick Cox 0-0: Ball
1-0: Swinging Strike
1-1: Foul Ball, location: 2F
1-2: SINGLE (Groundball, 5D)
Pinch Hitting: RHB Robert Marks 0-0: DOUBLE (Flyball, 9LD)
Nick Cox to third
Batting: RHB Jorge Montoya 0-0: Ball
1-0: Fly out, F5 (Popup, 5SF)
Batting: SHB Vicente Pagán 0-0: Ball
1-0: Ball
2-0: Ball
3-0: Called Strike
3-1: Base on Balls
Batting: RHB Edward Melton 0-0: Grounds into fielders choice 6-2 (Groundball, 6)
Robert Marks to third
Vicente Pagán to second
Pinch Hitting: LHB Alan Moore 0-0: Ball
1-0: Fly out, F9 (Flyball, 89S)
Top of the 9th over - 0 run(s), 2 hit(s), 0 error(s), 3 left on base; Seattle 2 - Jasper 3
This league is powered by Out of the Park Baseball, the baseball management simulation game for PC, Mac and Linux
Tuesday, August 2nd, 2016 - OOTP Baseball 16.8 Build 38